AoeStats
← Rafaelbdoo

Socotra

506644959Analyzed
3v3 RM · 19d ago on Sep 14, 2026· 28m 10s· 6 players
Game mode
Random Map
Map size
128×128
Population
200
Speed
Normal
Resources
Standard
Victory
Conquest
Starting age
Dark Age
Ending age
Imperial Age
RankedLock teamsTeams togetherTeam positionsShared explorationLock speedFull tech treeHidden civsTurbo modeCheats
Victory
Defeat
🇹🇷 Goths · Türkiye
1054
+10
🇹🇷 Burgundians · Türkiye
1024
+12
🇹🇷 Persians · Türkiye
967
+14
🇩🇪 Inca · Germany
982
-15
🇩🇪 Mongols · Germany
908
-11
🇧🇷 Byzantines · Brazil
881
-25
(DB) Eydur
5:57 Double-Bit Axe
12:38 Loom
15:57 Feudal Age
20:01 Castle Age
20:44 Scale Barding Armor
20:03 Cavalier
20:43 Husbandry
22:36 Forging
(DB) sendur
3:04 Loom
11:21 Feudal Age
13:07 Man-at-Arms
21:31 Horse Collar
21:39 Double-Bit Axe
22:36 Forging
22:26 Scale Mail Armor
(DB) Ezdur
7:25 Loom
13:55 Feudal Age
18:20 Horse Collar
21:07 Double-Bit Axe
24:57 Wheelbarrow
27:25 Castle Age
27:13 Scale Barding Armor
27:19 Forging
27:19 Gold Mining
27:55 Bloodlines
28:22 Husbandry
28:46 Chain Barding Armor
Nino
4:50 Loom
10:28 Feudal Age
12:39 Double-Bit Axe
21:44 Wheelbarrow
22:44 Padded Archer Armor
22:35 Fletching
22:56 Forging
29:28 Castle Age
snake11
2:28 Loom
16:06 Feudal Age
18:58 Champi Runner
22:08 Wheelbarrow
Rafaelbdoo
14:45 Feudal Age
21:29 Double-Bit Axe
23:18 Loom
Connection lost

Rejoining the realm…

Still unreachable

The connection could not be restored.

Session expired

The server has moved on; the page needs a fresh start.